Map: Mech Depot LE

Players

ZhuGeLiang - Winner!

  • Race: Zerg Zerg
  • Spawn Location: 1:00

HuShang

  • Race: Protoss Protoss
  • Spawn Location: 7:00

Event: WCS Montreal 2017

VOD

Have the link to the VOD?

Description

Time

  • Played on: Sept. 8, 2017, 2:21 p.m.
  • Length: 7:09

All games in this series

Show
View Real Time Build Order
Export as new Build Order

ZhuGeLiang Zerg - Winner!

Build Orders: Hatch First 

Get SALT Encoding   

  12  0:01  Drone  
  13  0:12  Overlord  
  13  0:16  Drone  
  14  0:30  Drone x2  
  14  0:35  Drone  
  17  0:51  Hatchery  
  17  0:54  Drone  
  17  0:57  Drone  
  18  1:09  Extractor  
  17  1:12  Spawning Pool  
  17  1:16  Drone  
  17  1:20  Drone  
  18  1:29  Drone  
  19  1:39  Overlord  
  19  1:49  Drone  
  20  1:59  Queen  
  20  2:00  Zergling x2  
  23  2:03  Queen  
  23  2:04  Zergling x2  
  26  2:09  Metabolic Boost  
  26  2:12  Drone  
  26  2:15  Drone  
  28  2:23  Drone  
  28  2:29  Drone  
  30  2:33  Drone  
  31  2:39  Hatchery  
  30  2:46  Pneumatized Carapace  
  30  2:49  Overlord  
  30  2:53  Drone  
  31  2:58  Drone  
  31  2:59  Drone x2  
  35  3:05  Drone  
  35  3:09  Drone x3  
  38  3:14  Drone x2  
  38  3:15  Drone  
  38  3:19  Overlord  
  41  3:21  Drone  
  41  3:26  Queen  
  43  3:37  Overlord  
  43  3:38  Drone  
  43  3:39  Drone  
  47  3:44  Drone x2  
  47  3:45  Drone  
  47  3:48  Overlord  
  48  3:49  Drone x3  
  48  3:54  Drone  
  52  3:56  Lair  
  52  3:57  Extractor x2, Drone  
  52  3:58  Drone  
  52  4:01  Drone  
  53  4:03  Queen  
  53  4:08  Drone x2  
  57  4:13  Drone x2  
  57  4:16  Drone  
  61  4:17  Drone x2  
  61  4:18  Overlord  
  62  4:24  Drone  
  62  4:25  Overlord, Zergling x2  
  62  4:26  Zergling x4  
  62  4:29  Spore Crawler  
  65  4:34  Spore Crawler  
  65  4:38  Zergling x6  
  67  4:46  Zergling x2  
  67  4:47  Zergling x14  
  75  4:53  Overseer  
  75  4:57  Hydralisk Den  
  66  5:08  Zergling x12  
  66  5:09  Zergling x2  
  73  5:16  Evolution Chamber  
  73  5:17  Drone x3  
  73  5:20  Extractor  
  74  5:24  Drone x3  
  74  5:26  Drone x6  
  83  5:30  Overlord  
  83  5:32  Muscular Augments  
  83  5:33  Hydralisk  
  83  5:34  Hydralisk  
  87  5:39  Overlord  
  87  5:44  Extractor  
  87  5:46  Overlord  
  86  5:53  Overlord, Hydralisk  
  86  5:54  Hydralisk x5  
  98  5:59  Overlord  
  98  6:04  Hydralisk x2  
  102  6:13  Overlord  
  102  6:17  Overlord, Hydralisk x3  
  108  6:19  Overlord x2  
  108  6:20  Hydralisk  
  108  6:24  Overlord, Hydralisk  
  111  6:38  Hydralisk x2  
  111  6:39  Hydralisk x2  
  119  6:42  Zergling x12  
Show
View Real Time Build Order
Export as new Build Order

HuShang Protoss 

Build Orders: 1 Gate Expand, Zealot Archon, Archon Drop, Dark Templar Rush 

Get SALT Encoding   

  12  0:01  Probe (Chrono Boost)  
  13  0:11  Probe (Chrono Boost)  
  14  0:24  Probe (Chrono Boost)  
  14  0:26  Pylon  
  15  0:44  Probe (Chrono Boost), Gateway  
  15  0:48  Assimilator  
  16  0:55  Probe (Chrono Boost)  
  17  1:05  Probe (Chrono Boost)  
  18  1:16  Probe (Chrono Boost)  
  19  1:22  Nexus  
  19  1:31  Cybernetics Core  
  19  1:35  Probe (Chrono Boost)  
  20  1:42  Assimilator  
  20  1:46  Probe (Chrono Boost)  
  21  1:53  Pylon  
  21  1:57  Probe (Chrono Boost)  
  22  2:07  Probe (Chrono Boost)  
  23  2:11  Adept (Chrono Boost)  
  23  2:14  Warp Gate  
  25  2:18  Probe  
  26  2:31  Probe (Chrono Boost)  
  26  2:34  Mothership Core (Chrono Boost)  
  29  2:42  Probe (Chrono Boost)  
  30  2:46  Twilight Council  
  30  2:53  Probe x2 (Chrono Boost)  
  32  3:03  Probe x2 (Chrono Boost)  
  34  3:06  Robotics Facility  
  34  3:14  Probe x2 (Chrono Boost)  
  36  3:24  Probe (Chrono Boost)  
  36  3:25  Probe (Chrono Boost)  
  38  3:33  Dark Shrine  
  38  3:35  Probe x2 (Chrono Boost)  
  38  3:39  Gateway  
  38  3:40  Gateway  
  40  3:42  Gateway  
  40  3:45  Probe x2 (Chrono Boost)  
  42  3:53  Warp Prism (Chrono Boost)  
  42  3:54  Probe  
  44  3:56  Probe  
  44  4:00  Pylon  
  46  4:08  Assimilator  
  46  4:10  Assimilator  
  46  4:15  Pylon  
  46  4:16  Probe (Chrono Boost)  
  46  4:18  Probe (Chrono Boost)  
  48  4:29  Probe (Chrono Boost)  
  48  4:30  Probe (Chrono Boost)  
  48  4:31  Pylon  
  50  4:36  Nexus  
  50  4:49  Dark Templar  
  50  4:50  Dark Templar x2  
  50  4:51  Dark Templar  
  58  4:55  Probe x2 (Chrono Boost)  
  58  4:57  Observer  
  61  5:05  Probe x2 (Chrono Boost)  
  61  5:16  Probe x2 (Chrono Boost), Charge (Chrono Boost)  
  61  5:21  Gateway  
  63  5:22  Gateway  
  63  5:24  Gateway  
  63  5:26  Gateway  
  63  5:28  Archon  
  63  5:29  Dark Templar  
  63  5:34  Probe x2  
  67  5:36  Archon  
  67  5:43  Pylon  
  67  5:45  Pylon  
  67  5:46  Probe x2  
  67  5:48  Probe  
  70  5:58  Probe  
  70  5:59  Probe x2  
  73  6:11  Probe x2  
  74  6:17  Dark Templar x3  
  74  6:18  Dark Templar  
  82  6:23  Pylon x2  
  82  6:25  Archon x2  
  82  6:28  Dark Templar x2  
  82  6:29  Zealot x2  
  90  6:34  Archon  
  90  6:40  Pylon  
  90  6:48  Pylon  
  90  6:49  Zealot x4  
  90  6:50  Zealot x2  
  102  6:58  Templar Archives  
  102  7:02  Zealot x2  
Tags
 
Add a new tag
Caveats
  • Supply blocks, unpowered buildings, or Contaminate may cause inaccurate times.
  • Supply counts are checked every 10 seconds.